MLB
OTTAWA LYNX @ KANSAS CITY ROYALS
07/02/2041
 
TOP OF THE 1ST
Ottawa Lynx batting - Pitching for Kansas City Royals : RHP Ben Brown
Pitching: RHP Ben Brown
Batting: LHB Sergio Martínez 0-0: Foul Ball, location: 9LMF
0-1: Foul Ball, location: 2F
0-2: DOUBLE (Line Drive, 89XD, EV 98.1 MPH)
Batting: LHB Pancho Moreno 0-0: Ball
1-0: Called Strike
1-1: Foul Ball, location: 5FF
1-2: Ball
2-2: Ball
3-2: Strikes out looking
Batting: LHB Mike Hyde 0-0: TRIPLE (Flyball, 9LD, EV 98.1 MPH)
Sergio Martínez scores
Batting: LHB Ed Harris 0-0: Ball
1-0: Called Strike
1-1: SINGLE (Groundball, 4MD, EV 96.3 MPH)
Mike Hyde scores
Batting: RHB Erik Lane 0-0: Foul Ball, location: 2F
0-1: Called Strike
0-2: Grounds into double play, 5-4-3 (Groundball, 56S, EV 88.8 MPH)
Top of the 1st over - 2 runs, 3 hits, 0 errors, 0 left on base; Ottawa 2 - Kansas City 0
BOTTOM OF THE 1ST
Kansas City Royals batting - Pitching for Ottawa Lynx : LHP José Cortéz
Pitching: LHP José Cortéz
Batting: LHB Joe Jacobson 0-0: Called Strike
0-1: Ball
1-1: Foul Ball, location: 23F
1-2: Ball
2-2: Ball
3-2: Fly out, F8 (Flyball, 78M, EV 83.8 MPH)
Batting: RHB Jerry Hodge 0-0: Swinging Strike
0-1: Swinging Strike
0-2: Ball
1-2: Ball
2-2: SINGLE (Line Drive, 7LS, EV 88.8 MPH)
Batting: LHB Luis Díaz 0-0: Ball
Jerry Hodge is caught stealing 2nd base 2-6
1-0: Ball
2-0: Called Strike
2-1: Ground out 6-3 (Groundball, 6S, EV 62.5 MPH)
Bottom of the 1st over - 0 runs, 1 hit, 0 errors, 0 left on base; Ottawa 2 - Kansas City 0
TOP OF THE 2ND
Ottawa Lynx batting - Pitching for Kansas City Royals : RHP Ben Brown
Batting: RHB Bao-qing Wu 0-0: Called Strike
0-1: Foul Ball, location: 9LSF
0-2: SINGLE (Line Drive, 8LS, EV 110.6 MPH)
Batting: RHB Rikiya Honda 0-0: Ball
1-0: Foul Ball, location: 2F
1-1: Foul Ball, location: 2F
1-2: Fly out, F7 (Flyball, 78M, EV 83.8 MPH)
Batting: SHB Valeriu Chiriac 0-0: Ball
1-0: Swinging Strike
1-1: Swinging Strike
1-2: Ball
2-2: Foul Ball, location: 3F
2-2: Foul Ball, location: 25FF
2-2: Strikes out looking
Batting: RHB Jim Thompson 0-0: Called Strike
Bao-qing Wu steals 2nd base
0-1: Fly out, F3 (Popup, 3F, EV 60.6 MPH)
Top of the 2nd over - 0 runs, 1 hit, 0 errors, 1 left on base; Ottawa 2 - Kansas City 0
BOTTOM OF THE 2ND
Kansas City Royals batting - Pitching for Ottawa Lynx : LHP José Cortéz
Batting: RHB Chad Snow 0-0: Ball
1-0: Called Strike
1-1: Ball
2-1: Called Strike
2-2: Strikes out looking
Batting: SHB Joseph Tornatore 0-0: Ball
1-0: Ground out 1-3 (Groundball, 13, EV 70.6 MPH)
Batting: RHB Steve Anderson 0-0: Ball
1-0: Fly out, F8 (Flyball, 8LD, EV 103.8 MPH)
Bottom of the 2nd over - 0 runs, 0 hits, 0 errors, 0 left on base; Ottawa 2 - Kansas City 0
TOP OF THE 3RD
Ottawa Lynx batting - Pitching for Kansas City Royals : RHP Ben Brown
Batting: LHB Sergio Martínez 0-0: Ball
1-0: Foul Ball, location: 23F
1-1: Ball
2-1: Ball
3-1: Swinging Strike
3-2: Foul Ball, location: 7LSF
3-2: SINGLE (Line Drive, 9S, EV 98.1 MPH)
Batting: LHB Pancho Moreno 0-0: Ball
Sergio Martínez steals 2nd base
1-0: Foul Ball, location: 9LMF
1-1: Foul Ball, location: 25FF
1-2: Ball
Wild Pitch!
Sergio Martínez to third
2-2: Foul Ball, location: 7LMF
2-2: Foul Ball, location: 3DF
2-2: Foul Ball, location: 7LMF
2-2: Ball
3-2: Base on Balls
Batting: LHB Mike Hyde 0-0: Called Strike
0-1: Called Strike
0-2: Foul Ball, location: 5F
0-2: Strikes out looking
Batting: LHB Ed Harris 0-0: Called Strike
0-1: Called Strike
0-2: Ball
1-2: Ball
2-2: Grounds into double play, 4-6-3 (Groundball, 4M, EV 106.9 MPH)
Top of the 3rd over - 0 runs, 1 hit, 0 errors, 1 left on base; Ottawa 2 - Kansas City 0
BOTTOM OF THE 3RD
Kansas City Royals batting - Pitching for Ottawa Lynx : LHP José Cortéz
Batting: LHB Len Donovan 0-0: Ball
1-0: Ball
2-0: Called Strike
2-1: Ground out U3 (Groundball, 34, EV 83.1 MPH)
Batting: LHB José Cardenas 0-0: Ball
1-0: Ball
2-0: Ball
3-0: Called Strike
3-1: Foul Ball, location: 9LSF
3-2: Strikes out looking
Batting: RHB Humberto Benizi 0-0: Ball
1-0: Ball
2-0: Called Strike
2-1: Foul Ball, location: 7LDF
2-2: Strikes out looking
Bottom of the 3rd over - 0 runs, 0 hits, 0 errors, 0 left on base; Ottawa 2 - Kansas City 0
TOP OF THE 4TH
Ottawa Lynx batting - Pitching for Kansas City Royals : RHP Ben Brown
Batting: RHB Erik Lane 0-0: Foul Ball, location: 5F
0-1: Ball
1-1: Called Strike
1-2: Foul Ball, location: 2F
1-2: Ball
2-2: Ground out 6-3 (Groundball, 6, EV 105.6 MPH)
Batting: RHB Bao-qing Wu 0-0: Foul Ball, location: 9LSF
0-1: Foul Ball, location: 3SF
0-2: Ground out 6-3 (Groundball, 6, EV 83.8 MPH)
Batting: RHB Rikiya Honda 0-0: Ball
1-0: Fly out, F9 (Flyball, 89M, EV 86.9 MPH)
Top of the 4th over - 0 runs, 0 hits, 0 errors, 0 left on base; Ottawa 2 - Kansas City 0
BOTTOM OF THE 4TH
Kansas City Royals batting - Pitching for Ottawa Lynx : LHP José Cortéz
Batting: LHB Joe Jacobson 0-0: Called Strike
0-1: SINGLE (Line Drive, 78M, EV 88.1 MPH)
Batting: RHB Jerry Hodge 0-0: Ball
1-0: Ball
2-0: Ball
3-0: Called Strike
3-1: Foul Ball, location: 2F
3-2: Foul Ball, location: 2F
3-2: Foul Ball, location: 2F
3-2: Strikes out swinging
Batting: LHB Luis Díaz 0-0: Ball
1-0: Foul Ball, location: 7LMF
1-1: Ball
2-1: DOUBLE (Line Drive, 78M, EV 102.5 MPH)
Joe Jacobson to third
Runner from 3rd tries for Home, SAFE, no throw by LF
Batting: RHB Chad Snow 0-0: Ball
1-0: Swinging Strike
1-1: Ground out 6-3 (Groundball, 6, EV 90.0 MPH)
Luis Díaz to third
Batting: SHB Joseph Tornatore 0-0: Ball
1-0: Fly out, F7 (Flyball, 7LM, EV 93.1 MPH)
Bottom of the 4th over - 1 run, 2 hits, 0 errors, 1 left on base; Ottawa 2 - Kansas City 1
TOP OF THE 5TH
Ottawa Lynx batting - Pitching for Kansas City Royals : RHP Ben Brown
Batting: SHB Valeriu Chiriac 0-0: Ball
1-0: Called Strike
1-1: Foul Ball, location: 2RF
1-2: Fly out, F9 (Line Drive, 89S, EV 93.1 MPH)
Batting: RHB Jim Thompson 0-0: Called Strike
0-1: Ball
1-1: Fly out, F7 (Flyball, 7LM, EV 88.8 MPH)
Batting: LHB Sergio Martínez 0-0: Ball
1-0: Called Strike
1-1: Ground out 4-3 (Groundball, 4, EV 92.5 MPH)
Top of the 5th over - 0 runs, 0 hits, 0 errors, 0 left on base; Ottawa 2 - Kansas City 1
BOTTOM OF THE 5TH
Kansas City Royals batting - Pitching for Ottawa Lynx : LHP José Cortéz
Batting: RHB Steve Anderson 0-0: Ball
1-0: Ball
2-0: Fly out, F7 (Flyball, 78S, EV 80.6 MPH)
Batting: LHB Len Donovan 0-0: Ball
1-0: Called Strike
1-1: Called Strike
1-2: Strikes out swinging
Batting: LHB José Cardenas 0-0: Ball
1-0: Ground out 6-3 (Groundball, 6, EV 101.9 MPH)
Bottom of the 5th over - 0 runs, 0 hits, 0 errors, 0 left on base; Ottawa 2 - Kansas City 1
TOP OF THE 6TH
Ottawa Lynx batting - Pitching for Kansas City Royals : RHP Ben Brown
Batting: LHB Pancho Moreno 0-0: Called Strike
0-1: Ball
1-1: Ground out U3 (Groundball, 34, EV 82.5 MPH)
Batting: LHB Mike Hyde 0-0: Ball
1-0: Called Strike
1-1: Called Strike
1-2: Foul Ball, location: 25F
1-2: DOUBLE (Line Drive, 89M, EV 106.3 MPH)
Batting: LHB Ed Harris 0-0: Foul Ball, location: 2F
0-1: Ball
1-1: Ball
2-1: SINGLE (Line Drive, 9LS, EV 101.9 MPH)
Mike Hyde to third
Runner from 3rd tries for Home, throw by RF and OUT! 9-2
Batting: RHB Erik Lane 0-0: Called Strike
0-1: Ball
1-1: Swinging Strike
1-2: Ball
2-2: Ball
3-2: SINGLE (Groundball, 25, EV 65.6 MPH) (infield hit)
Ed Harris to second
Batting: RHB Bao-qing Wu 0-0: Foul Ball, location: 3SF
0-1: Ball
1-1: Ball
2-1: Ball
3-1: SINGLE (Line Drive, 89S, EV 91.3 MPH)
Ed Harris to third
Erik Lane to second
Runner from 3rd tries for Home, SAFE, throw by RF to home
Pitching: RHP Christian Noonan
Batting: RHB Rikiya Honda 0-0: Called Strike
0-1: Fly out, F7 (Line Drive, 7, EV 97.5 MPH)
Top of the 6th over - 1 run, 4 hits, 0 errors, 2 left on base; Ottawa 3 - Kansas City 1
BOTTOM OF THE 6TH
Kansas City Royals batting - Pitching for Ottawa Lynx : LHP José Cortéz
Batting: RHB Humberto Benizi 0-0: Called Strike
0-1: Ball
1-1: Ball
2-1: Ball
3-1: Foul Ball, location: 2F
3-2: Strikes out swinging, 2-3 out at first.
Batting: LHB Joe Jacobson 0-0: Ball
1-0: Fly out, F9 (Line Drive, 9LS, EV 91.3 MPH)
Batting: RHB Jerry Hodge 0-0: Ball
1-0: Foul Ball, location: 9LDF
1-1: Ball
2-1: Fly out, F8 (Flyball, 8LXD, EV 110.6 MPH)
Bottom of the 6th over - 0 runs, 0 hits, 0 errors, 0 left on base; Ottawa 3 - Kansas City 1
TOP OF THE 7TH
Ottawa Lynx batting - Pitching for Kansas City Royals : RHP Christian Noonan
Batting: SHB Valeriu Chiriac 0-0: Called Strike
0-1: TRIPLE (Line Drive, 9LD, EV 105.0 MPH)
Batting: RHB Jim Thompson 0-0: Ball
1-0: Called Strike
1-1: Foul Ball, location: 2F
1-2: Strikes out swinging
Batting: LHB Sergio Martínez 0-0: TRIPLE (Flyball, 78XD, EV 90.0 MPH)
Valeriu Chiriac scores
Batting: LHB Pancho Moreno 0-0: Called Strike
0-1: Ball
1-1: Called Strike
1-2: Foul Ball, location: 7LMF
1-2: Strikes out looking
Batting: LHB Mike Hyde 0-0: Fly out, F8 (Flyball, 8LXD, EV 106.9 MPH)
Top of the 7th over - 1 run, 2 hits, 0 errors, 1 left on base; Ottawa 4 - Kansas City 1
BOTTOM OF THE 7TH
Kansas City Royals batting - Pitching for Ottawa Lynx : LHP José Cortéz
Batting: LHB Luis Díaz 0-0: Ball
1-0: Ball
2-0: Called Strike
2-1: Foul Ball, location: 2F
2-2: Fly out, F4 (Line Drive, 34D, EV 72.5 MPH)
Batting: RHB Chad Snow 0-0: Ball
1-0: Called Strike
1-1: Ground out 3-1 (Groundball, 34S, EV 70.0 MPH)
Batting: SHB Joseph Tornatore 0-0: Ball
1-0: Ball
2-0: Called Strike
2-1: SINGLE (Line Drive, 89S, EV 93.1 MPH)
Batting: RHB Steve Anderson 0-0: Ball
1-0: Swinging Strike
1-1: Swinging Strike
1-2: Ball
2-2: Foul Ball, location: 2F
2-2: Fly out, F8 (Flyball, 8RM, EV 95.6 MPH)
Bottom of the 7th over - 0 runs, 1 hit, 0 errors, 1 left on base; Ottawa 4 - Kansas City 1
TOP OF THE 8TH
Ottawa Lynx batting - Pitching for Kansas City Royals : RHP Christian Noonan
Batting: LHB Ed Harris 0-0: Ball
1-0: Ball
2-0: Foul Ball, location: 23FF
2-1: Foul Ball, location: 3FF
2-2: Strikes out swinging
Batting: RHB Erik Lane 0-0: Ground out 4-3 (Groundball, 4, EV 82.5 MPH)
Batting: RHB Bao-qing Wu 0-0: Called Strike
0-1: Called Strike
0-2: SINGLE (Groundball, 6M, EV 82.5 MPH) (infield hit)
Batting: RHB Rikiya Honda 0-0: Ball
1-0: Ball
2-0: Called Strike
2-1: Ground out 4-3 (Groundball, 4S, EV 85.6 MPH)
Top of the 8th over - 0 runs, 1 hit, 0 errors, 1 left on base; Ottawa 4 - Kansas City 1
BOTTOM OF THE 8TH
Kansas City Royals batting - Pitching for Ottawa Lynx : LHP José Cortéz
Batting: LHB Len Donovan 0-0: Ball
1-0: Ball
2-0: SOLO HOME RUN (Flyball, 9D, EV 98.8 MPH), Distance : 377 ft
Pitching: RHP Ken Wolfe
Batting: LHB José Cardenas 0-0: Called Strike
0-1: Called Strike
0-2: Ball
1-2: Foul Ball, location: 9LSF
1-2: Ball
2-2: Ball
3-2: Fly out, F9 (Flyball, 9, EV 92.5 MPH)
Batting: RHB Humberto Benizi 0-0: Ball
1-0: Swinging Strike
1-1: Ball
2-1: Swinging Strike
2-2: Strikes out swinging
Batting: LHB Joe Jacobson 0-0: Ball
1-0: Foul Ball, location: 2F
1-1: Reached via error on a dropped throw from 1B, E1 (Groundball, 34, EV 78.1 MPH)
Pinch Hitting: LHB Tomás Rodríguez 0-0: Called Strike
0-1: Ball
1-1: Foul Ball, location: 23F
1-2: Foul Ball, location: 9LDF
1-2: Ball
2-2: Fly out, F8 (Flyball, 8RD, EV 105.6 MPH)
Bottom of the 8th over - 1 run, 1 hit, 1 error, 1 left on base; Ottawa 4 - Kansas City 2
TOP OF THE 9TH
Ottawa Lynx batting - Pitching for Kansas City Royals : RHP Christian Noonan
Now in CF: Kade Brown
Batting: SHB Valeriu Chiriac 0-0: Ground out 6-3 (Groundball, 56, EV 108.1 MPH)
Batting: RHB Jim Thompson 0-0: Foul Ball, location: 5SF
0-1: Called Strike
0-2: Foul Ball, location: 5F
0-2: TRIPLE (Flyball, 89XD, EV 105.0 MPH)
Batting: LHB Sergio Martínez 0-0: Called Strike
0-1: DOUBLE (Line Drive, 89D, EV 103.1 MPH)
Jim Thompson scores
Batting: LHB Pancho Moreno 0-0: Ground out 5-3 (Groundball, 56S, EV 86.9 MPH)
Sergio Martínez to third
Batting: LHB Mike Hyde 0-0: Called Strike
0-1: Called Strike
0-2: SINGLE (Line Drive, 34, EV 96.3 MPH)
Sergio Martínez scores
Pitching: RHP Ismael González
Batting: LHB Ed Harris 0-0: Swinging Strike
0-1: Swinging Strike
0-2: Ball
1-2: Ball
2-2: Foul Ball, location: 3F
2-2: Ball
3-2: Foul Ball, location: 2F
3-2: Base on Balls
Mike Hyde to second
Batting: RHB Erik Lane 0-0: Ball
1-0: Ball
2-0: Ground out 6-3 (Groundball, 6S, EV 85.0 MPH)
Top of the 9th over - 2 runs, 3 hits, 0 errors, 2 left on base; Ottawa 6 - Kansas City 2
BOTTOM OF THE 9TH
Kansas City Royals batting - Pitching for Ottawa Lynx : RHP Ken Wolfe
Batting: LHB Luis Díaz 0-0: Ball
1-0: Ball
2-0: Foul Ball, location: 2F
2-1: Swinging Strike
2-2: Strikes out swinging
Batting: RHB Chad Snow 0-0: Foul Ball, location: 2F
0-1: Foul Ball, location: 25FF
0-2: Ball
1-2: DOUBLE (Line Drive, 78D, EV 98.8 MPH)
Batting: SHB Joseph Tornatore 0-0: Ball
1-0: Foul Ball, location: 2F
1-1: SINGLE (Line Drive, 78S, EV 105.6 MPH)
Chad Snow to third
Pitching: RHP Tim Fowler
Batting: RHB Steve Anderson 0-0: Ball
1-0: Ball
2-0: Called Strike
2-1: TRIPLE (Flyball, 8RXD, EV 96.9 MPH)
Chad Snow scores
Joseph Tornatore scores
Batting: LHB Len Donovan 0-0: Ball
1-0: Ball
2-0: Ball
3-0: Base on Balls
Batting: LHB José Cardenas 0-0: Ball
1-0: Swinging Strike
1-1: Fly out, F7 (Flyball, 7S, EV 89.4 MPH)
Pinch Hitting: RHB Walt Sorensen 0-0: Called Strike
0-1: Called Strike
0-2: Ball
1-2: DOUBLE (Line Drive, 9LM, EV 106.3 MPH)
Steve Anderson scores
Len Donovan to third
Batting: LHB Joe Jacobson 0-0: Intentional Walk
Batting: LHB Kade Brown 0-0: Ball
1-0: Ball
2-0: Ball
3-0: Called Strike
3-1: Called Strike
3-2: Foul Ball, location: 23F
3-2: Fly out, F9 (Line Drive, 9S, EV 89.4 MPH)
Bottom of the 9th over - 3 runs, 4 hits, 0 errors, 3 left on base; Ottawa 6 - Kansas City 5
Sunday, March 24th , 2024 - OOTP Baseball 24.10 Build 82